 Dungeon Crawl Stone Soup version 0.29.0-5-ge4962eb29e (webtiles) character file.

Game seed: 12975777390413165624

1732 Zeldest the Chopper (level 8, 0/65 HPs)
             Began as a Mummy Chaos Knight on Aug 30, 2022.
             Was a Priest of Okawaru.
             Slain by a cyclops (17 damage)
             ... on level 6 of the Dungeon.
             The game lasted 00:08:24 (7980 turns).

Zeldest the Chopper (Mummy Chaos Knight)            Turns: 7980, Time: 00:08:25

Health: 0/65       AC: 13    Str: 17    XL:     8   Next: 76%
Magic:  10/10      EV: 13    Int: 12    God:    Okawaru [***...]
Gold:   424        SH:  0    Dex: 11    Spells: 7/7 levels left

rFire   . . .      SeeInvis .   r - +1 mace (protect)
rCold   + . .      Faith    .   (no shield)
rNeg    + + +      Spirit   .   l - +0 scale mail
rPois   ∞          Reflect  .   (no helmet)
rElec   .          Harm     .   (no cloak)
rCorr   .          Rampage  .   (no gloves)
Will    +....                   (no boots)
Stlth   ..........              b - amulet of the acrobat
HPRegen 0.20/turn               i - ring of protection from fire
MPRegen 0.12/turn               h - +4 ring of evasion

@: under a protective aura
A: cold resistance 1, negative energy resistance 3, torment resistance 2, heat
vulnerability 1, in touch with death 1, no potions
a: Renounce Religion, Heroism


You were on level 6 of the Dungeon.
You worshipped Okawaru.
Okawaru was most pleased with you.
You visited 1 branch of the dungeon, and saw 6 of its levels.
You also visited: Sewer.

You collected 424 gold pieces.

Inventory:

Hand Weapons
 r - a +1 mace of protection (weapon)
Missiles
 p - a throwing net
Armour
 l - a +0 scale mail (worn)
Jewellery
 b - an amulet of the acrobat (around neck)
 f - a ring of see invisible
 h - a +4 ring of evasion (right hand)
 i - a ring of protection from fire (left hand)
Scrolls
 a - a scroll of noise {unknown}
 d - 6 scrolls of teleportation
 e - a scroll of magic mapping {unknown}
 g - a scroll of brand weapon {unknown}
 j - 2 scrolls of immolation {unknown}
 k - 2 scrolls of blinking {unknown}
 m - 2 scrolls of enchant armour {unknown}
 n - 4 scrolls of identify {unknown}
 o - 3 scrolls of enchant weapon {unknown}
 q - a scroll of vulnerability {unknown}
Miscellaneous
 c - a piece from Xom's chessboard (15/15) (quivered)


   Skills:
 + Level 6.7 Fighting
 * Level 7.6 Axes
 - Level 1.5 Armour
 - Level 0.7 Dodging
 + Level 3.5 Invocations


You had 7 spell levels left.
You didn't know any spells.
Your spell library contained the following spells:

 Spells                   Type           Power      Damage    Failure   Level
 Passage of Golubria      Tloc           0%         N/A       100%        4
 Yara's Violent Unravell  Hex/Tmut       0%         3d3       100%        5
 Tukima's Dance           Hex            Unusable   N/A       N/A         3

Dungeon Overview and Level Annotations

Branches:
Dungeon (6/15)             Temple (0/1) D:5           Sewer (visited)

Altars:
Dithmenos
Gozag
Hepliaklqana
Okawaru
Yredelemnul

Shops:
D:5 :


Innate Abilities, Weirdness & Mutations

You are immune to poison.
Your flesh is cold resistant. (rC+)
You are immune to negative energy. (rN+++)
You are immune to unholy pain and torment.
You are vulnerable to heat. (rF-)
You are in touch with the powers of death.
You do not drink.


Message History

The jelly is severely wounded.
The jelly closely misses you.
You sock the jelly!
You kill the jelly!
Okawaru accepts your kill.
The cyclops throws a large rock.
The large rock hits you but does no damage.
The cyclops throws a large rock.
The large rock barely misses you.
You sock the cyclops!
The cyclops is moderately wounded.
The cyclops hits you!!
You sock the cyclops!
The cyclops is moderately wounded.
The cyclops misses you.
You hit the cyclops.
The cyclops is heavily wounded.
The cyclops barely misses you.
You hit the cyclops.
The cyclops is heavily wounded.
The cyclops closely misses you.
You thump the cyclops!
The cyclops is severely wounded.
You hit the cyclops but do no damage.
The cyclops is severely wounded.
The cyclops hits you but does no damage.
You hit the cyclops.
The cyclops is severely wounded.
The cyclops hits you but does no damage.
You barely miss the cyclops.
The cyclops is severely wounded.
The cyclops hits you!
* * * LOW HITPOINT WARNING * * *
You hit the cyclops but do no damage.
The cyclops is severely wounded.
The cyclops closely misses you.
You hit the cyclops.
The cyclops is severely wounded.
The cyclops hits you!
You die...
Xom roars with laughter!

########.## ## ..#
#...##....#... .... ..
#...........# ##..# ##
#.####...#### #..># #.
### ##..# #...# ## #..#
#...# #. ##.## ##...#
## ##..# ##....# #.
#..@# ##.....####
#....#C..####...#...##.
####.....##...####..###
##.#####..### ##.... #.
#....####...# .#
#...........# #
#........#...
#.#.....###.. ###...<##
##.


You could see a cyclops.

Vanquished Creatures
  Grinder (D:4)
  A wyvern (D:4)
  An orc warrior (D:6)
  A black bear (D:6)
  2 ice beasts (D:6)
  A phantom (D:5)
  A necrophage (D:5)
  4 scorpions
  A howler monkey (D:5)
  2 jellies
  An orc priest (D:5)
  A hound (D:4)
  3 iguanas
  An orc wizard (D:4)
  4 hound zombies (D:4)
  4 gnolls (D:5)
  13 adders
  2 river rats (Sewer)
  2 white imps
  2 ufetubi
  An adder zombie (D:4)
  4 worms
  2 dart slugs
  19 orcs
  8 ball pythons
  4 bats
  4 endoplasms
  9 giant cockroaches
  3 hobgoblins
  3 jackals (D:5)
  7 quokkas
  4 frilled lizards
  6 goblins
  8 kobolds
  8 rats
138 creatures vanquished.

Vanquished Creatures (collateral kills)
  A rat (D:2)
1 creature vanquished.

Vanquished Creatures (others)
  A ball python zombie (D:2)
  13 fungi (D:4)
14 creatures vanquished.

Grand Total: 153 creatures vanquished

Notes
Turn   | Place    | Note
-------+----------+-------------------------------------------
     0 | D:1      | Zeldest the Mummy Chaos Knight began the quest for the Orb.
     0 | D:1      | Reached XP level 1. HP: 18/18 MP: 1/1
   190 | D:1      | XOM: divination: detect creatures
   251 | D:1      | Found a faded altar of an unknown god.
   299 | D:1      | XOM: silly message
   340 | D:1      | Reached XP level 2. HP: 24/24 MP: 2/2
   594 | D:1      | Reached skill level 3 in Axes
  1007 | D:2      | Gained mutation: You are in touch with the powers of death.
                  | [Mummy growth]
  1007 | D:2      | Reached XP level 3. HP: 27/29 MP: 3/3
  1850 | D:2      | XOM: god gift: 5 stones
  1991 | D:3      | Found an iron altar of Okawaru.
  1991 | D:3      | Found a hazy altar of Hepliaklqana.
  1991 | D:3      | Found a glowing drain.
  1991 | D:3      | XOM: 4-stop teleportation journey
  2292 | D:3      | Fell from the grace of Xom
  2292 | D:3      | Became a worshipper of Warmaster Okawaru
  2359 | D:3      | Reached XP level 4. HP: 32/37 MP: 4/4
  2373 | D:3      | XOM: summons 3 hostile demons
  2375 | Sewer    | Entered a sewer
  2455 | Sewer    | XOM: stat loss: -2 Dex (9/11)
  2498 | Sewer    | XOM: stat loss: -1 Int (10/11)
  2878 | Sewer    | XOM: stat loss: -3 Str (14/17)
  2899 | Sewer    | Reached skill level 4 in Axes
  3261 | D:3      | You fall into a shaft and drop 1 floor!
  3268 | D:4      | Reached XP level 5. HP: 42/42 MP: 5/5
  3561 | D:4      | HP: 2/42 [something (5)]
  3833 | D:3      | XOM: divination: magic mapping
  4018 | D:4      | Reached XP level 6. HP: 47/49 MP: 6/6
  4043 | D:4      | Reached * piety under Okawaru
  4116 | D:4      | Found a basalt altar of Yredelemnul.
  4135 | D:4      | Found an opulent altar of Gozag.
  4253 | D:4      | Reached skill level 5 in Axes
  4362 | D:4      | Noticed Grinder
  4368 | D:4      | Paralysed by Grinder for 4 turns
  4389 | D:4      | Paralysed by Grinder for 3 turns
  4395 | D:4      | Killed Grinder
  4396 | D:4      | Reached skill level 5 in Fighting
  4396 | D:4      | Reached XP level 7. HP: 25/56 MP: 7/7
  4572 | D:4      | XOM: stat loss: -2 Str (15/17)
  4729 | D:5      | Entered Level 5 of the Dungeon
  4729 | D:5      | Noticed a wyvern
  5107 | D:4      | Killed a wyvern
  5108 | D:4      | Reached skill level 6 in Axes
  5108 | D:4      | Reached skill level 1 in Invocations
  5376 | D:5      | Reached ** piety under Okawaru
  5729 | D:4      | Reached XP level 8. HP: 32/64 MP: 9/9
  6060 | D:5      | Found a staircase to the Ecumenical Temple.
  6081 | D:5      | Found Jilehisi's Self-Improvement Boutique.
  6216 | D:5      | Found a shadowy altar of Dithmenos.
  6624 | D:6      | Reached skill level 7 in Axes
  6846 | D:6      | Reached *** piety under Okawaru
  6880 | D:6      | XOM: summons 4 hostile demons
  6996 | D:5      | XOM: summons 6 hostile demons
  7231 | D:6      | XOM: god gift: 54 gold pieces
  7963 | D:6      | Noticed a cyclops
  7980 | D:6      | Slain by a cyclops

Illustrated notes

Levels and vault maps discovered:
D:1:      dpeg_arrival_shrine, layout_basic,
          shapermc_ecumenical_altar_mp_urbaneastern
D:2:      layout_rooms, serial_co_window_serial, co_window_paths_a,
          co_window_of_opportunity_a, co_window_corner_a, co_window_paths_a,
          co_window_paths_b, co_window_paths_c, co_window_2corner,
          co_window_of_opportunity_b, co_window_paths_d, co_window_sun,
          glass_columns_b, glass_columns_a, glass_columns_b, glass_columns_b,
          minmay_unequal
D:3:      layout_loops_ring, chequers_temple_overflow_statue_of_worship,
          gup_sewer_entry_glass
D:4:      layout_loops_cross, nicolae_yredelemnul_corpse_copse,
          mainiacjoe_overflow_cross_hatched, uniq_grinder
D:5:      layout_rooms, nicolae_dithmenos_through_a_glass_darkly,
          minmay_temple_entry_mist, minmay_misc_feat_square, grunt_ministairs_6,
          nicolae_shop_self_help
D:6:      minmay_cornered_nines, layout_layer_cave, fedhas_altar_2,
          minmay_misc_feat_pillars, grunt_ministairs_5, minivault_23

Skill      XL: |  1  2  3  4  5  6  7  8 |
---------------+-------------------------+-----
Axes           | 3 4 5 6 7 |  7.6
Fighting       | 4 5 6 |  6.7
Invocations    | 2 3 |  3.5
Armour         | |  1.5
Dodging        | |  0.7

Action                   |  1- 3 |  4- 6 |  7- 9 || total
-------------------------+-------+-------+-------++-------
Melee: Hand axe          |   127 |   228 |       ||   355
       Punch             |     1 |     3 |     3 ||     7
       Mace              |       |       |   309 ||   309
Invok: Heroism           |       |       |     1 ||     1
Evoke: Piece from Xom's  |       |       |     1 ||     1
  Use: Scroll            |       |       |     4 ||     4
 Stab: Paralysed         |     2 |     1 |       ||     3
       Sleeping          |     1 |       |       ||     1
       Distracted        |     1 |       |       ||     1
       Petrifying        |       |     1 |       ||     1
Armor: Leather armour    |    38 |    59 |    75 ||   172
       Scale mail        |       |       |    53 ||    53
Dodge: Dodged            |    87 |   176 |   289 ||   552
